 Dungeon Crawl Stone Soup version 0.29-a0-284-gf9362112df (webtiles) character file.

Game seed: 62104919687915335

3575 spaghetti the Demonic Disaster (level 9, -6/57 HPs)
             Began as a Demonspawn Earth Elementalist on Mar 22, 2022.
             Was a Believer of Qazlal.
             Mangled by a very large slime creature (52 damage)
             ... on level 9 of the Dungeon.
             The game lasted 00:18:23 (8235 turns).

spaghetti the Demonic Disaster (DsEE)               Turns: 8235, Time: 00:18:24

Health: -6/57      AC: 15    Str: 10    XL:     9   Next: 84%
Magic:  4/27       EV: 10    Int: 23    God:    Qazlal [**....]
Gold:   111        SH: 13    Dex: 14    Spells: 5/18 levels left

rFire   . . .      SeeInvis .   r - +2 scimitar (vorpal) {long}
rCold   . . .      Faith    .   f - +0 buckler
rNeg    . . .      Spirit   .   o - +5 ring mail "Nubral" {Will+}
rPois   .          Reflect  .   (helmet restricted)
rElec   .          Harm     .   e - scarf {+Inv}
rCorr   .          Rampage  .   n - +0 pair of gloves
Will    +....                   (no boots)
Stlth   +.........              (no amulet)
HPRegen 0.19/turn               i - ring of magical power
MPRegen 0.20/turn               t - +4 ring of protection

@: no status effects
A: horns 2, large bone plates 2, foul stench 2, spiny 2, clever 1, high MP 1,
strong 1
a: Renounce Religion, Evoke Invisibility, Upheaval


You were on level 9 of the Dungeon.
You worshipped Qazlal.
Qazlal was pleased with you.
You visited 1 branch of the dungeon, and saw 8 of its levels.

You collected 386 gold pieces.
You spent 275 gold pieces at shops.


Innate Abilities, Weirdness & Mutations

You have a pair of horns on your head.
You are mostly covered in large bone plates. (SH +6)
You sometimes emit foul miasma when damaged in melee.
You are mostly covered in sharp spines.
Your mind is acute. (Int +2)
You have an increased reservoir of magic. (+10% MP)
Your muscles are strong. (Str +2)


   Skills:
 + Level 1.6 Armour
 + Level 2.7 Dodging
 - Level 2.1 Stealth
 - Level 4.0 Shields
 + Level 5.2 Spellcasting
 * Level 7.0 Conjurations
 - Level 0.8 Transmutations
 + Level 4.1 Fire Magic
 + Level 1.7 Air Magic
 - Level 4.0 Earth Magic
 * Level 8.9 Invocations


You had 5 spell levels left.
You knew the following spells:

 Your Spells              Type           Power      Damage    Failure   Level
a - Sandblast             Erth           48%        2d12      6%          1
b - Passwall              Tmut/Erth      14%        N/A       17%         2
c - Conjure Flame         Conj/Fire      31%        6-21      9%          3
d - Sticky Flame          Conj/Fire      31%        2d5       30%         4
e - Swiftness             Air            13%        N/A       41%         3

Your spell library contained the following spells:

 Spells                   Type           Power      Damage    Failure   Level
 Shock                    Conj/Air       100%       1d9       4%          1
 Scorch                   Fire           50%        2d8       9%          2
 Stone Arrow              Conj/Erth      62%        3d10      10%         3
 Dazzling Flash           Conj/Hex       44%        N/A       22%         3
 Flame Wave               Conj/Fire      31%        2d8       30%         4
 Ignite Poison            Fire/Tmut/Pois 13%        N/A       43%         3
 Iskenderun's Mystic Bla  Conj/Tloc      22%        2d6       56%         4
 Petrify                  Tmut/Erth      17%        N/A       75%         4
 Airstrike                Air            6%         N/A       83%         4
 Starburst                Conj/Fire      15%        6d6       99%         6
 Summon Cactus Giant      Summ           3%         N/A       100%        6

Inventory:

Hand Weapons
 r - a +2 vorpal scimitar (weapon) {long}
   (You bought it in a shop on level 6 of the Dungeon)
Missiles
 a - 21 stones {throwing}
 b - 2 boomerangs {throwing}
 m - 10 poisoned darts {throwing}
Armour
 e - a scarf of invisibility (worn)
   (You found it on level 5 of the Dungeon)
 f - a +0 buckler (worn)
   (You found it on level 3 of the Dungeon)
 n - a +0 pair of gloves (worn)
   (You found it on level 8 of the Dungeon)
 o - the +5 ring mail "Nubral" (worn) {Will+}
   (You found it on level 3 of the Dungeon)

   Will:      It increases your willpower.
 s - the +0 robe "Fogoer" {rElec}
   (You found it on level 2 of the Dungeon)

   rElec:     It insulates you from electricity.
Magical Staves
 v - a staff of poison {!astaff}
   (You found it on level 5 of the Dungeon)
Jewellery
 i - a ring of magical power (left hand)
   (You found it on level 1 of the Dungeon)
 l - a ring of magical power
   (You found it on level 1 of the Dungeon)
 t - a +4 ring of protection (right hand)
   (You found it on level 6 of the Dungeon)
Wands
 g - a wand of flame (21)
   (You found it on level 2 of the Dungeon)
 j - a wand of polymorph (12)
   (You found it on level 7 of the Dungeon)
 B - a wand of paralysis (9)
   (You found it on level 8 of the Dungeon)
 C - a wand of iceblast (12)
   (You found it on level 8 of the Dungeon)
Scrolls
 d - a scroll of enchant weapon
 q - a scroll of noise {!r}
 u - 4 scrolls of blinking {unknown}
 w - 3 scrolls of teleportation {@r4}
 y - 2 scrolls of enchant armour
 z - a scroll of magic mapping {unknown}
Potions
 c - a potion of magic
 h - a potion of haste {@q3}
 k - 3 potions of might
 p - 4 potions of curing {@q1}

Dungeon Overview and Level Annotations

Branches:
Dungeon (9/15)             Temple (0/1) D:7            Lair (0/6) D:9
    Orc: D:9-12

Altars:
Qazlal
Wu Jian

Shops:
D:3 *   D:6 (   D:8 *

Annotations:
D:5 2 transporters, drugrobin's ghost, novice DgFi

Y.#######.†........#.#
.#J........#.Y.......#
..#.......######.#####
..##.....## #†# ..
##...## #.# .# ##+##
#.# . #Y# . #J# . #@#
#o# #o# ..# ###


You could see a very large slime creature, a yak and 2 orcs.


Message History

Aim: an orc, wielding a +0 trident A blizzard blasts the area with ice!
The blast of ice hits the orc wizard!!
You kill the orc wizard!
Qazlal accepts your kill.
The blast of ice hits the orc!!
You kill the orc!
Qazlal accepts your kill.
Two slime creatures merge to form a very large slime creature. 😎 MP[-3]
You lost 3 mp, and now have 5/25 mp.
Aiming: Upheaval
Press: ? - help, Dir - move target, f - yak
Aim: a yak (lightly wounded)
A storm cloud blasts the area with cutting wind!
The cutting wind hits the yak!
The yak is struck by lightning. 😎 MP[-3]
You lost 3 mp, and now have 2/25 mp.
The yak attacks as you move away! You block the yak's attack.
The orc warrior is struck by your spines.
The orc warrior closely misses you.
An orc comes into view. It is wielding a +0 club.
You barely miss the orc warrior. Your headbutt misses the orc warrior.
The orc warrior hits you with a +0 trident!
The yak gores you but does no damage. 😕 HP[-9] MP[+1]
You take 9 damage, and now have 48/57 hp.
You closely miss the orc warrior. Your headbutt misses the orc warrior.
The orc warrior hits you but does no damage.
The yak closely misses you. The yak gores you.
You block the orc warrior's attack. 😕 HP[-1]
You take 1 damage, and now have 47/57 hp.
You hit the orc warrior.
The orc warrior hits you with a +0 trident.
You block the yak's attack.
An orc comes into view. It is wielding a +0 dagger.
Your magical contamination has completely faded away. 😕 HP[-4]
You take 4 damage, and now have 43/57 hp.
You hit the orc warrior. You block the orc warrior's attack.
You block the yak's attack. The orc warrior barely misses you.
The yak closely misses you. 😕 MP[+1] Unknown command.
Aiming: Sandblast (safe; 9% risk of failure)
Press: ? - help, Q - select action, (/) - cycle Shift-Dir - straight line, f - orc warrior, p - yak
Aim: an orc warrior, wielding a +0 trident and wearing a +0 plate armour (severely wounded, 81% to hit)
The blast of sand hits the orc warrior but does no damage.
The orc warrior is struck by your spines.
The orc warrior hits you with a +0 trident.
You emit a cloud of foul miasma!
You block the yak's attack. 😮 HP[-3] MP[-1]
You take 3 damage, and now have 40/57 hp.
You lost 1 mp, and now have 3/25 mp.
You hit the orc warrior but do no damage.
The orc warrior is engulfed in dark miasma.
The orc warrior is poisoned.
The orc warrior hits you with a +0 trident!
* * * LOW HITPOINT WARNING * * *
You block the yak's attack. 😨 HP[-16]
You take 16 damage, and now have 24/57 hp.
MASSIVE DAMAGE!! (PAUSE) It was a potion of mutation.
You feel extremely strange.
You feel more energetic.
You feel clever.
You feel stronger.
The orc warrior is engulfed in dark miasma.
The orc warrior looks even sicker.
You block the orc warrior's attack. The yak completely misses you.
Unknown command.
Casting: Sandblast (safe; 6% risk of failure)
Confirm with . or Enter, or press ? or * to list all spells.
Okay, then.
Unknown command.
You feel much better.
You kill the orc warrior!
Qazlal accepts your kill. You block the yak's attack.
Your Conjurations skill increases to level 7! 😕 HP[+27]
You regained 27 hp, and now have 51/57 hp.
The yak attacks as you move away! The yak is struck by your spines.
The yak barely misses you. The orc hits you but does no damage.
Items here: )) [ †. 😕 MP[+1]
You closely miss the orc. Your headbutt misses the orc.
The orc closely misses you. The yak is struck by your spines.
The yak gores you. The yak is struck by your spines.
You kill the yak!
Qazlal accepts your kill. The orc closely misses you.
Training target 4.0 for Shields reached!
Your Shields skill increases to level 4! 😕 HP[-5]
You take 5 damage, and now have 46/57 hp.
You closely miss the orc. The orc barely misses you.
The very large slime creature is struck by your spines.
The very large slime creature hits you!!!
Ouch! That really hurt!
You die...

Skill      XL: |  1  2  3  4  5  6  7  8  9 |
---------------+----------------------------+-----
Stealth        | 2 |  2.1
Invocations    | 1 2 3 4 5 7 8 |  8.9
Earth Magic    | 3 4 |  4.0
Spellcasting   | 3 4 5 |  5.2
Conjurations   | 1 2 3 4 6 7 |  7.0
Fire Magic     | 1 2 3 4 |  4.1
Shields        | 1 2 3 4 |  4.0
Dodging        | 2 |  2.7
Armour         | 1 |  1.6
Air Magic      | 1 |  1.7
Transmutations | |  0.8

Action                   |  1- 3 |  4- 6 |  7- 9 || total
-------------------------+-------+-------+-------++-------
Melee: Mace              |     7 |       |       ||     7
       Hand axe          |    11 |    10 |    20 ||    41
       Headbutt          |       |       |     8 ||     8
       Scimitar          |       |       |    17 ||    17
 Cast: Sandblast         |    52 |    24 |   111 ||   187
       Conjure Flame     |       |       |    12 ||    12
       Swiftness         |       |       |     1 ||     1
Invok: Upheaval          |       |       |     8 ||     8
Evoke: Wand              |       |       |     4 ||     4
  Use: Scroll            |     9 |       |     2 ||    11
       Potion            |     4 |       |     3 ||     7
Armor: Robe              |     6 |       |       ||     6
       Ring mail         |       |     5 |    47 ||    52
Dodge: Dodged            |    26 |     9 |    35 ||    70
Block: Other             |    12 |       |       ||    12
       Buckler           |       |    12 |    84 ||    96

Levels and vault maps discovered:
D:1:      dpeg_arrival_arbitrary_a, layout_basic, serial_aquarium,
          aquarium_bridge_long_separate [aquarium_subvault_wall,
          aquarium_subvault_wall, aquarium_subvault_bridge,
          aquarium_subvault_bridge, aquarium_subvault_window,
          aquarium_subvault_bridge], aquarium_window_1, aquarium_window_3,
          aquarium_view_2d, aquarium_pool_corner, shapermc_ecumenical_altar_venn
D:2:      layout_basic, dk_noncrumbling_4
D:3:      layout_loops_ring, serial_shops, shop
D:5:      layout_basic, gammafunk_ghost_arena, serial_curves, eino_curves_02,
          eino_curves_04, eino_curves_01, uniq_prince_ribbit1, uniq_menkaure
D:6:      layout_basic, serial_shops, kennysheep_mini_moat
D:7:      layout_cave_pools, minmay_temple_entry_purple_smoke
D:8:      layout_layer_cave, nicolae_wu_jian_wuxing_cycle, serial_shops,
          nicolae_shop_hallway_plus
D:9:      layout_loops_corners, kennysheep_mini, dpeg_oklobed_lair, david_orc_5

Notes
Turn   | Place    | Note
-------+----------+-------------------------------------------
     0 | D:1      | spaghetti the Demonspawn Earth Elementalist began the quest
                  | for the Orb.
     0 | D:1      | Reached XP level 1. HP: 13/13 MP: 3/3
     0 | D:1      | magus.rc [v1.9.6]
     3 | D:1      | You pick up a book of Spectacle and begin reading...
     3 | D:1      | You add the spells Dazzling Flash, Iskenderun's Mystic
                  | Blast and Starburst to your library.
   147 | D:1      | Reached skill level 2 in Stealth
   154 | D:1      | You add the spells Conjure Flame, Ignite Poison and Sticky
                  | Flame to your library.
   468 | D:1      | Found a faded altar of an unknown god.
   480 | D:1      | Prayed at the altar of an unknown god.
   480 | D:1      | Became a worshipper of Qazlal Stormbringer
   480 | D:1      | Reached * piety under Qazlal
  1294 | D:2      | Gained mutation: You are partially covered in large bone
                  | plates. (SH +4) [demonic ancestry]
  1294 | D:2      | Reached XP level 2. HP: 9/19 MP: 5/5
  1480 | D:2      | Learned a level 2 spell: Passwall
  1688 | D:2      | Reached skill level 1 in Invocations
  1988 | D:2      | Gained mutation: You are mostly covered in large bone
                  | plates. (SH +6) [demonic ancestry]
  1988 | D:2      | Reached XP level 3. HP: 18/24 MP: 7/7
  2138 | D:2      | Learned a level 3 spell: Conjure Flame
  2258 | D:2      | Identified the +0 robe "Fogoer" {rElec}
  2777 | D:3      | HP: 5/24 [orc/+0 short sword (6)]
  2782 | D:3      | Reached skill level 3 in Earth Magic
  2787 | D:3      | HP: 6/36 [orc/+0 dagger (2)]
  3066 | D:3      | Noticed a scorpion
  3075 | D:3      | HP: 6/24 [scorpion (3)]
  3077 | D:3      | HP: 2/24 [poisoned by a scorpion]
  3080 | D:3      | Killed a scorpion
  3081 | D:3      | Reached skill level 3 in Spellcasting
  3081 | D:3      | Reached skill level 1 in Conjurations
  3081 | D:3      | Reached skill level 2 in Invocations
  3081 | D:3      | Gained mutation: You may rarely emit foul miasma when
                  | damaged in melee. [demonic ancestry]
  3081 | D:3      | Reached XP level 4. HP: 25/30 MP: 8/8
  3182 | D:3      | Reached skill level 2 in Conjurations
  3182 | D:3      | Reached skill level 1 in Fire Magic
  3182 | D:3      | Gained mutation: You are partially covered in sharp spines.
                  | [demonic ancestry]
  3182 | D:3      | Reached XP level 5. HP: 35/35 MP: 9/9
  3233 | D:3      | Identified the +5 ring mail "Nubral" {Will+}
  3296 | D:3      | Found Vacruum's General Store.
  3302 | D:3      | Bought 2 potions of curing for 72 gold pieces
  3483 | D:3      | You fall into a shaft and drop 3 floors!
  3485 | D:6      | Found Acifonattu's Antique Weapon Boutique.
  3546 | D:6      | Reached ** piety under Qazlal
  3612 | D:6      | Learned a level 4 spell: Sticky Flame
  3647 | D:6      | Reached skill level 3 in Invocations
  3647 | D:6      | Gained mutation: You are mostly covered in sharp spines.
                  | [demonic ancestry]
  3647 | D:6      | Reached XP level 6. HP: 39/41 MP: 10/10
  3648 | D:5      | Entered Level 5 of the Dungeon
  3715 | D:5      | Noticed drugrobin's ghost (novice DgFi)
  3715 | D:5      | Noticed an orc warrior
  3942 | D:5      | Reached skill level 1 in Shields
  4002 | D:5      | Noticed Prince Ribbit
  4012 | D:5      | Killed Prince Ribbit
  4013 | D:5      | Reached skill level 3 in Conjurations
  4013 | D:5      | Reached skill level 2 in Fire Magic
  4019 | D:5      | Reached skill level 4 in Invocations
  4019 | D:5      | Gained mutation: You have a pair of small horns on your
                  | head. [demonic ancestry]
  4019 | D:5      | Reached XP level 7. HP: 33/46 MP: 10/12
  4367 | D:5      | Found a transporter.
  4381 | D:5      | Found a transporter.
  4477 | D:5      | Noticed Menkaure
  4486 | D:5      | Killed Menkaure
  4487 | D:5      | Reached skill level 2 in Shields
  4487 | D:5      | Reached skill level 4 in Conjurations
  4487 | D:5      | Reached skill level 4 in Earth Magic
  4931 | D:6      | Reached skill level 5 in Invocations
  5333 | D:6      | Gained mutation: You sometimes emit foul miasma when
                  | damaged in melee. [demonic ancestry]
  5333 | D:6      | Reached XP level 8. HP: 52/52 MP: 13/13
  5384 | D:6      | Reached skill level 4 in Spellcasting
  5464 | D:6      | Reached skill level 6 in Invocations
  5472 | D:6      | Reached skill level 5 in Conjurations
  5472 | D:6      | Reached skill level 3 in Fire Magic
  5746 | D:7      | You pick up a book of Scorching and begin reading...
  5746 | D:7      | You add the spells Scorch, Flame Wave and Summon Cactus
                  | Giant to your library.
  5955 | D:7      | Noticed a hornet
  6170 | D:7      | Reached skill level 3 in Shields
  6280 | D:7      | Paralysed by a hornet for 2 turns
  6283 | D:7      | Killed a hornet
  6284 | D:7      | Reached skill level 7 in Invocations
  6333 | D:6      | Bought a runed scimitar for 203 gold pieces
  6524 | D:7      | Found a staircase to the Ecumenical Temple.
  6680 | D:8      | Found Yciymaet's General Store.
  6777 | D:8      | Reached skill level 6 in Conjurations
  6777 | D:8      | Gained mutation: You have a pair of horns on your head.
                  | [demonic ancestry]
  6777 | D:8      | Reached XP level 9. HP: 45/57 MP: 16/16
  7110 | D:8      | You pick up a book of Air and begin reading...
  7110 | D:8      | You add the spells Shock, Swiftness and Airstrike to your
                  | library.
  7272 | D:8      | Learned a level 3 spell: Swiftness
  7531 | D:8      | Found an ornate altar of the Wu Jian Council.
  7544 | D:8      | Reached skill level 8 in Invocations
  8067 | D:9      | Reached skill level 2 in Dodging
  8169 | D:9      | Found a staircase to the Lair.
  8202 | D:9      | Reached skill level 1 in Armour
  8202 | D:9      | Reached skill level 5 in Spellcasting
  8202 | D:9      | Reached skill level 1 in Air Magic
  8220 | D:9      | Reached skill level 4 in Fire Magic
  8231 | D:9      | Gained mutation: You have an increased reservoir of magic.
                  | (+10% MP) [potion of mutation]
  8231 | D:9      | Gained mutation: Your mind is acute. (Int +2) [potion of
                  | mutation]
  8231 | D:9      | Gained mutation: Your muscles are strong. (Str +2) [potion
                  | of mutation]
  8233 | D:9      | Reached skill level 7 in Conjurations
  8235 | D:9      | Reached skill level 4 in Shields
  8235 | D:9      | Mangled by a very large slime creature

Vanquished Creatures
  A hornet (D:7)
  A slime creature (D:9)
  Prince Ribbit (D:5)
  4 yaks (D:9)
  A wraith (D:9)
  Menkaure (D:5)
  A steam dragon (D:8)
  A water moccasin (D:9)
  2 orc warriors
  2 black bears
  An ogre (D:6)
  A sky beast (D:6)
  3 centaurs
  A phantom (D:6)
  A kobold brigand (D:8)
  3 bullfrogs
  2 scorpions
  2 necrophages (D:5)
  3 howler monkeys
  2 hounds
  A gnoll shaman (D:6)
  An orc priest (D:8)
  4 iguanas
  4 orc wizards
  7 gnolls
  2 adders (D:2)
  2 white imps
  2 ufetubi (D:6)
  12 orcs
  4 bats (D:2)
  7 endoplasms
  2 giant cockroaches (D:2)
  4 goblins
  8 kobolds
  2 quokkas
  4 ball pythons
  4 rats
104 creatures vanquished.

Table legend:
 A = Non-vault XP
 B = Vault XP
 C = Vault XP percentage of total XP
 D = Non-vault monster count
 E = Vault monster count
 F = Vault count percentage of total count
                 A         B        C        D         E       F
            +---------+---------+-------+---------+---------+-------
      Total |    4685 |     423 |   8.3 |     102 |       2 |   1.9
            +---------+---------+-------+---------+---------+-------
        D:1 |      10 |       0 |   0.0 |       6 |       0 |   0.0
        D:2 |      53 |       0 |   0.0 |      19 |       0 |   0.0
        D:3 |     159 |       0 |   0.0 |      12 |       0 |   0.0
        D:5 |     390 |     423 |  52.0 |      12 |       2 |  14.3
        D:6 |     901 |       0 |   0.0 |      17 |       0 |   0.0
        D:7 |     762 |       0 |   0.0 |       8 |       0 |   0.0
        D:8 |     770 |       0 |   0.0 |      18 |       0 |   0.0
        D:9 |    1640 |       0 |   0.0 |      10 |       0 |   0.0
            +---------+---------+-------+---------+---------+-------

Illustrated notes

Table legend:
 A = Kills in this place as a percentage of kills in entire the game.
 B = Kills by you in this place as a percentage of kills by you in the entire game.
 C = Kills by friends in this place as a percentage of kills by friends in the entire game.
 D = Other kills in this place as a percentage of other kills in the entire game.
 E = Experience gained in this place as a percentage of experience gained in the entire game.
 F = Experience gained in this place divided by the number of levels of this place that you have seen.
                   A       B       C       D       E      F
               +-------+-------+-------+-------+-------+----------------------
         Total | 100.0 | 100.0 |   N/A |   N/A | 100.0 | 638.5
       Dungeon | 100.0 | 100.0 |   N/A |   N/A | 100.0 | 638.5
               +-------+-------+-------+-------+-------+----------------------

Table legend: (Time is in decaauts)
 A = Elapsed time spent in this place.
 B = Non-inter-level travel time spent in this place.
 C = Inter-level travel time spent in this place.
 D = Time resting spent in this place.
 E = Time spent auto-exploring this place.
 F = Levels seen in this place.
 G = Mean time per level.
                   A        B        C        D        E       F      G
               +--------+--------+--------+--------+--------+-----+--------+
         Total |   8272 |   7954 |    318 |   1717 |   5300 |   8 | 1034.0 |
       Dungeon |   8272 |   7954 |    318 |   1717 |   5300 |   8 | 1034.0 |
               +--------+--------+--------+--------+--------+-----+--------+

Top non-repeatable levels by time:
     D:8: 1384 daAuts
     D:5: 1329 daAuts
     D:2: 1304 daAuts
     D:1: 1224 daAuts
     D:6: 1192 daAuts
     D:3: 966 daAuts
     D:7: 694 daAuts
     D:9: 177 daAuts
